4253 views
Uploaded 2020-02-08 21:23:38
Game version 1.32 / 1.32.1
30:24 long 4on4 ladder game on (8)MarketSquare
Saved by BEARAND
4253 views
Uploaded 2020-02-08 21:23:38
Game version 1.32 / 1.32.1
30:24 long 4on4 ladder game on (8)MarketSquare


159 units @ 23.3k
/ 3.2k
77 buildings @ 11.6k
/ 4.8k

| Potion of Healing | 3 | 450 |
| Potion of Mana | 2 | 400 |
| Moonstone | 1 | 50 |
| Lesser Clarity Potion | 2 | 140 |
| Staff of Teleportation | 1 | 150 |
| Boots of Speed | 1 | 250 |
| Orb of Corruption | 1 | 375 |
| total: | 11 | 1815g |
| Wisp | 23 | 1380 | / | 0 |
| Archer | 17 | 2210 | / | 170 |
| Hippogryph | 7 | 1120 | / | 140 |
| total: | 47 | 4710g | / | 310w |
| Altar of Elders | 3 | 540 | / | 150 |
| Moon Well | 10 | 1800 | / | 400 |
| Ancient of War | 1 | 150 | / | 60 |
| Ancient of Wonders | 1 | 90 | / | 30 |
| Hunter's Hall | 2 | 420 | / | 200 |
| Tree of Life | 2 | 680 | / | 370 |
| Ancient of Wind | 2 | 300 | / | 280 |
| Tree of Ages | 6 | 1920 | / | 1080 |
| total: | 21 | 3980g | / | 1490w |
| 0:02 | Wisp |
| 0:02 | Wisp |
| 0:05 | Altar of Elders |
| 0:27 | Altar of Elders |
| 0:31 | Moon Well |
| 0:31 | Wisp |
| 0:35 | Ancient of War |
| 0:38 | Wisp |
| 0:53 | Wisp |
| 1:10 | Wisp |
| 1:13 | Moon Well |
| 1:18 | Wisp |
| 1:48 | Archer |
| 1:48 | Archer |
| 1:51 | Wisp |
| 2:15 | Archer |
| 2:21 | Wisp |
| 2:35 | Archer |
| 2:43 | Fan of Knives |
| 2:54 | Tree of Ages |
| 3:10 | Archer |
| 3:26 | Moon Well |
| 4:07 | Archer |
| 4:10 | Ancient of Wonders |
| 4:19 | Blink |
| 4:24 | Archer |
| 4:28 | Moon Well |
| 5:18 | Ancient of Wind |
| 5:19 | Ancient of Wind |
| 5:21 | Hunter's Hall |
| 5:22 | Hunter's Hall |
| 6:33 | Fan of Knives |
| 6:43 | Strength of the Moon |
| 6:43 | Improved Strength of the Moon |
| 6:44 | Moon Armor |
| 6:45 | Hippogryph |
| 6:45 | Hippogryph |
| 7:15 | Improved Moon Armor |
| 7:16 | Wisp |
| 7:18 | Hippogryph |
| 8:15 | Hippogryph |
| 8:15 | Archer |
| 8:16 | Improved Bows |
| 8:19 | Advanced Strength of the Moon |
| 9:18 | Wisp |
| 9:18 | Wisp |
| 9:20 | Wisp |
| 9:21 | Wisp |
| 10:10 | Blink |
| 10:29 | Wisp |
| 10:39 | Wisp |
| 11:03 | Wisp |
| 11:03 | Wisp |
| 11:03 | Wisp |
| 11:03 | Wisp |
| 11:03 | Wisp |
| 11:28 | Wisp |
| 11:28 | Wisp |
| 11:29 | Advanced Moon Armor |
| 11:33 | Nature's Blessing |
| 11:37 | Hippogryph |
| 11:46 | Archer |
| 11:57 | Archer |
| 12:01 | Staff of Teleportation |
| 12:10 | Archer |
| 13:28 | Moon Well |
| 14:10 | Potion of Healing |
| 14:12 | Potion of Healing |
| 14:12 | Potion of Mana |
| 14:29 | Fan of Knives |
| 14:35 | Altar of Elders |
| 14:40 | Fan of Knives |
| 14:50 | Hippogryph |
| 14:51 | Archer |
| 14:51 | Archer |
| 15:05 | Moonstone |
| 15:31 | Archer |
| 15:40 | Moon Well |
| 16:40 | Potion of Healing |
| 16:50 | Potion of Mana |
| 16:52 | Lesser Clarity Potion |
| 17:07 | Archer |
| 17:07 | Archer |
| 17:08 | Archer |
| 17:42 | Boots of Speed |
| 17:46 | Hippogryph |
| 17:48 | Moon Well |
| 19:48 | Tree of Life |
| 20:36 | Tree of Life |
| 20:46 | Moon Well |
| 20:49 | Moon Well |
| 21:04 | Lesser Clarity Potion |
| 22:40 | Tree of Ages |
| 22:43 | Moon Well |
| 23:27 | Orb of Corruption |
| Right click | 1983 |
| Chat | 869 |
| Select | 528 |
| Select group | 301 |
| Build/train/purchase | 187 |
| Misc. action | 138 |
| Use ability | 119 |
| Minimap ping | 60 |
| Assign group | 58 |
| Remove unit | 2 |


| Potion of Healing | 2 | 300 |
| total: | 2 | 300g |
| Peasant | 14 | 1050 | / | 0 |
| Footman | 6 | 810 | / | 0 |
| Priest | 5 | 675 | / | 50 |
| Sorceress | 3 | 465 | / | 60 |
| Rifleman | 5 | 1025 | / | 150 |
| total: | 33 | 4025g | / | 260w |
| Scout Tower | 3 | 90 | / | 60 |
| Arcane Tower | 2 | 140 | / | 100 |
| Guard Tower | 1 | 70 | / | 50 |
| Altar of Kings | 1 | 180 | / | 50 |
| Farm | 10 | 800 | / | 200 |
| Barracks | 1 | 160 | / | 60 |
| Lumber Mill | 1 | 120 | / | 0 |
| Blacksmith | 1 | 140 | / | 60 |
| Arcane Vault | 1 | 130 | / | 30 |
| Arcane Sanctum | 2 | 300 | / | 280 |
| Keep | 1 | 320 | / | 210 |
| Castle | 1 | 360 | / | 210 |
| total: | 20 | 1920g | / | 740w |
| 0:04 | Peasant |
| 0:05 | Peasant |
| 0:05 | Peasant |
| 0:05 | Peasant |
| 0:08 | Altar of Kings |
| 0:14 | Farm |
| 0:29 | Barracks |
| 0:44 | Peasant |
| 0:51 | Farm |
| 0:59 | Peasant |
| 1:32 | Farm |
| 1:35 | Footman |
| 2:07 | Lumber Mill |
| 2:15 | Peasant |
| 2:18 | Footman |
| 2:22 | Blizzard |
| 3:29 | Footman |
| 3:30 | Keep |
| 3:37 | Footman |
| 3:42 | Scout Tower |
| 4:10 | Arcane Tower |
| 4:58 | Footman |
| 5:37 | Scout Tower |
| 6:55 | Summon Water Elemental |
| 7:11 | Flame Strike |
| 7:15 | Guard Tower |
| 7:17 | Scout Tower |
| 7:22 | Footman |
| 7:42 | Peasant |
| 7:42 | Peasant |
| 7:55 | Arcane Sanctum |
| 7:59 | Peasant |
| 8:00 | Peasant |
| 8:08 | Arcane Sanctum |
| 8:34 | Farm |
| 8:36 | Farm |
| 8:37 | Farm |
| 8:38 | Farm |
| 9:33 | Priest Adept Training |
| 9:40 | Arcane Tower |
| 9:43 | Improved Lumber Harvesting |
| 9:45 | Peasant |
| 9:45 | Peasant |
| 9:49 | Priest |
| 9:49 | Priest |
| 10:22 | Priest |
| 10:24 | Sorceress Adept Training |
| 10:27 | Peasant |
| 10:46 | Blacksmith |
| 11:26 | Sorceress |
| 11:32 | Arcane Vault |
| 11:54 | Priest |
| 12:04 | Castle |
| 12:16 | Long Rifles |
| 12:20 | Rifleman |
| 12:26 | Banish |
| 13:08 | Black Gunpowder |
| 13:18 | Potion of Healing |
| 13:18 | Potion of Healing |
| 14:34 | Rifleman |
| 14:34 | Rifleman |
| 14:38 | Priest Master Training |
| 14:42 | Sorceress |
| 14:48 | Farm |
| 14:50 | Farm |
| 14:52 | Farm |
| 16:44 | Blizzard |
| 17:15 | Rifleman |
| 17:15 | Rifleman |
| 17:18 | Sorceress Master Training |
| 17:19 | Priest |
| 17:19 | Sorceress |
| Right click | 499 |
| Select | 276 |
| Build/train/purchase | 58 |
| Misc. action | 14 |
| Use ability | 6 |
| Select group | 4 |
| Remove unit | 3 |
| Assign group | 1 |
| Item give/drop | 1 |
| Esc | 1 |


| Potion of Mana | 1 | 200 |
| Potion of Healing | 1 | 150 |
| Scroll of Town Portal | 1 | 350 |
| Moonstone | 1 | 50 |
| total: | 4 | 750g |
| Acolyte | 4 | 300 | / | 0 |
| Ghoul | 3 | 360 | / | 0 |
| Crypt Fiend | 17 | 3655 | / | 680 |
| Meat Wagon | 7 | 1610 | / | 350 |
| Necromancer | 6 | 870 | / | 120 |
| Rogue | 2 | 300 | / | 0 |
| total: | 39 | 7095g | / | 1150w |
| Crypt | 2 | 400 | / | 100 |
| Graveyard | 1 | 215 | / | 0 |
| Altar of Darkness | 1 | 180 | / | 50 |
| Ziggurat | 9 | 1350 | / | 450 |
| Tomb of Relics | 1 | 130 | / | 30 |
| Slaughterhouse | 3 | 420 | / | 405 |
| Temple of the Damned | 1 | 155 | / | 140 |
| Halls of the Dead | 1 | 320 | / | 210 |
| Black Citadel | 1 | 325 | / | 230 |
| total: | 18 | 2850g | / | 1175w |
| 0:01 | Acolyte |
| 0:04 | Crypt |
| 0:08 | Graveyard |
| 0:16 | Acolyte |
| 0:16 | Acolyte |
| 0:39 | Altar of Darkness |
| 0:56 | Ziggurat |
| 1:08 | Ghoul |
| 1:25 | Ziggurat |
| 1:48 | Crypt Fiend |
| 1:59 | Tomb of Relics |
| 2:21 | Crypt Fiend |
| 2:22 | Crypt Fiend |
| 2:41 | Acolyte |
| 2:44 | Carrion Beetles |
| 2:54 | Crypt Fiend |
| 3:14 | Crypt Fiend |
| 3:32 | Ziggurat |
| 3:46 | Crypt Fiend |
| 3:46 | Crypt Fiend |
| 3:46 | Crypt Fiend |
| 4:11 | Spiked Carapace |
| 4:14 | Crypt Fiend |
| 4:23 | Ziggurat |
| 4:36 | Rogue |
| 4:36 | Rogue |
| 4:57 | Crypt Fiend |
| 5:02 | Ziggurat |
| 5:19 | Crypt Fiend |
| 5:19 | Crypt Fiend |
| 5:20 | Crypt Fiend |
| 5:50 | Carrion Beetles |
| 5:55 | Halls of the Dead |
| 6:47 | Crypt Fiend |
| 6:49 | Ziggurat |
| 7:17 | Crypt Fiend |
| 7:40 | Creature Attack |
| 7:41 | Creature Carapace |
| 8:21 | Burrow |
| 8:26 | Crypt |
| 8:47 | Ghoul |
| 8:47 | Ghoul |
| 10:03 | Death Coil |
| 10:17 | Slaughterhouse |
| 10:50 | Black Citadel |
| 12:15 | Unholy Aura |
| 13:51 | Impale |
| 14:13 | Death Coil |
| 14:38 | Exhume Corpses |
| 14:38 | Meat Wagon |
| 14:38 | Meat Wagon |
| 14:38 | Meat Wagon |
| 14:42 | Slaughterhouse |
| 14:44 | Slaughterhouse |
| 14:47 | Unholy Strength |
| 14:51 | Temple of the Damned |
| 15:48 | Meat Wagon |
| 15:48 | Meat Wagon |
| 15:48 | Meat Wagon |
| 16:50 | Ziggurat |
| 16:52 | Impale |
| 16:55 | Potion of Mana |
| 16:56 | Scroll of Town Portal |
| 16:57 | Potion of Healing |
| 16:57 | Moonstone |
| 19:05 | Disease Cloud |
| 19:06 | Meat Wagon |
| 19:07 | Necromancer Adept Training |
| 19:07 | Necromancer |
| 19:07 | Necromancer |
| 20:23 | Necromancer Master Training |
| 20:24 | Skeletal Mastery |
| 20:24 | Necromancer |
| 20:48 | Ziggurat |
| 21:06 | Ziggurat |
| 24:00 | Crypt Fiend |
| 24:00 | Crypt Fiend |
| 24:23 | Necromancer |
| 24:23 | Necromancer |
| 24:23 | Necromancer |
| Right click | 957 |
| Chat | 718 |
| Select | 683 |
| Misc. action | 479 |
| Build/train/purchase | 98 |
| Use ability | 28 |
| Minimap ping | 7 |
| Select group | 6 |
| Resource trade | 6 |
| Assign group | 4 |



| Orb of Corruption | 3 | 1125 |
| Scroll of Healing | 3 | 750 |
| Scroll of Protection | 2 | 300 |
| Potion of Lesser Invulnerability | 3 | 450 |
| Boots of Speed | 1 | 250 |
| total: | 12 | 2875g |
| Acolyte | 14 | 1050 | / | 0 |
| Ghoul | 4 | 480 | / | 0 |
| Crypt Fiend | 15 | 3225 | / | 600 |
| Frost Wyrm | 7 | 2695 | / | 840 |
| total: | 40 | 7450g | / | 1440w |
| Nerubian Tower | 1 | 100 | / | 20 |
| Graveyard | 1 | 215 | / | 0 |
| Ziggurat | 9 | 1350 | / | 450 |
| Crypt | 2 | 400 | / | 100 |
| Altar of Darkness | 1 | 180 | / | 50 |
| Tomb of Relics | 1 | 130 | / | 30 |
| Sacrificial Pit | 1 | 75 | / | 150 |
| Boneyard | 3 | 525 | / | 600 |
| Halls of the Dead | 1 | 320 | / | 210 |
| Black Citadel | 1 | 325 | / | 230 |
| total: | 18 | 2875g | / | 1380w |
| 0:05 | Acolyte |
| 0:12 | Graveyard |
| 0:17 | Ziggurat |
| 0:20 | Acolyte |
| 0:43 | Crypt |
| 1:16 | Altar of Darkness |
| 1:44 | Ghoul |
| 1:54 | Ghoul |
| 1:56 | Nerubian Tower |
| 2:05 | Ghoul |
| 2:09 | Crypt Fiend |
| 2:16 | Creature Attack |
| 2:41 | Crypt Fiend |
| 2:54 | Ziggurat |
| 3:16 | Halls of the Dead |
| 3:32 | Crypt Fiend |
| 3:55 | Cleaving Attack |
| 4:10 | Crypt Fiend |
| 4:47 | Ziggurat |
| 4:49 | Improved Creature Attack |
| 4:58 | Ziggurat |
| 5:50 | Howl of Terror |
| 6:02 | Crypt |
| 6:06 | Tomb of Relics |
| 6:08 | Crypt Fiend |
| 6:09 | Crypt Fiend |
| 6:43 | Crypt Fiend |
| 6:45 | Crypt Fiend |
| 6:57 | Black Citadel |
| 7:11 | Death Coil |
| 7:23 | Ghoul |
| 8:12 | Crypt Fiend |
| 8:15 | Web |
| 8:58 | Crypt Fiend |
| 9:07 | Sacrificial Pit |
| 9:19 | Advanced Creature Attack |
| 10:36 | Boneyard |
| 10:50 | Howl of Terror |
| 11:08 | Orb of Corruption |
| 11:09 | Scroll of Healing |
| 11:11 | Scroll of Healing |
| 11:32 | Boneyard |
| 11:34 | Boneyard |
| 11:54 | Freezing Breath |
| 12:01 | Ziggurat |
| 12:22 | Frost Nova |
| 13:40 | Orb of Corruption |
| 13:40 | Scroll of Healing |
| 13:50 | Frost Wyrm |
| 14:36 | Creature Carapace |
| 14:45 | Frost Armor |
| 14:54 | Scroll of Protection |
| 14:55 | Potion of Lesser Invulnerability |
| 14:56 | Scroll of Protection |
| 15:17 | Acolyte |
| 15:17 | Acolyte |
| 15:31 | Acolyte |
| 16:04 | Acolyte |
| 16:04 | Acolyte |
| 16:05 | Acolyte |
| 16:06 | Acolyte |
| 17:19 | Acolyte |
| 17:33 | Ziggurat |
| 17:35 | Ziggurat |
| 17:37 | Ziggurat |
| 17:38 | Ziggurat |
| 18:29 | Frost Wyrm |
| 18:30 | Frost Wyrm |
| 19:33 | Frost Wyrm |
| 19:34 | Frost Wyrm |
| 20:25 | Orb of Corruption |
| 21:01 | Frost Wyrm |
| 21:44 | Frost Wyrm |
| 22:35 | Improved Creature Carapace |
| 23:55 | Unholy Aura |
| 24:00 | Cleaving Attack |
| 24:15 | Crypt Fiend |
| 24:15 | Crypt Fiend |
| 24:15 | Crypt Fiend |
| 24:45 | Acolyte |
| 25:09 | Potion of Lesser Invulnerability |
| 26:27 | Crypt Fiend |
| 26:49 | Acolyte |
| 26:50 | Acolyte |
| 26:53 | Acolyte |
| 27:29 | Crypt Fiend |
| 27:43 | Potion of Lesser Invulnerability |
| 27:47 | Boots of Speed |
| Right click | 676 |
| Select | 410 |
| Misc. action | 319 |
| Build/train/purchase | 121 |
| Select group | 107 |
| Chat | 62 |
| Assign group | 40 |
| Use ability | 24 |
| Resource trade | 15 |
| Esc | 7 |
| Item give/drop | 1 |
| Minimap ping | 1 |
117 units @ 10.3k
/ 0.9k
239 buildings @ 15.6k
/ 8.2k



| Orb of Venom | 1 | 325 |
| Staff of Teleportation | 3 | 450 |
| Boots of Speed | 3 | 750 |
| Staff of Sanctuary | 3 | 750 |
| total: | 10 | 2275g |
| Wisp | 38 | 2280 | / | 0 |
| total: | 38 | 2280g | / | 0w |
| Altar of Elders | 1 | 180 | / | 50 |
| Moon Well | 7 | 1260 | / | 280 |
| Tree of Life | 2 | 680 | / | 370 |
| Ancient of Wonders | 1 | 90 | / | 30 |
| Hunter's Hall | 2 | 420 | / | 200 |
| Tree of Ages | 1 | 320 | / | 180 |
| Tree of Eternity | 1 | 330 | / | 200 |
| total: | 13 | 2630g | / | 930w |
| 0:04 | Wisp |
| 0:08 | Altar of Elders |
| 0:10 | Wisp |
| 0:19 | Moon Well |
| 0:26 | Wisp |
| 0:36 | Wisp |
| 0:46 | Moon Well |
| 0:49 | Wisp |
| 1:06 | Wisp |
| 1:19 | Wisp |
| 1:27 | Wisp |
| 1:40 | Wisp |
| 2:01 | Wisp |
| 2:16 | Force of Nature |
| 2:19 | Wisp |
| 2:30 | Wisp |
| 2:49 | Wisp |
| 3:22 | Tree of Ages |
| 3:52 | Moon Well |
| 4:20 | Entangling Roots |
| 5:18 | Tree of Life |
| 6:03 | Soul Burn |
| 7:08 | Tree of Eternity |
| 8:23 | Staff of Teleportation |
| 8:23 | Boots of Speed |
| 8:28 | Moon Well |
| 8:29 | Moon Well |
| 8:48 | Ancient of Wonders |
| 8:50 | Hunter's Hall |
| 9:33 | Frost Arrows |
| 9:41 | Boots of Speed |
| 10:01 | Boots of Speed |
| 10:14 | Wisp |
| 10:14 | Wisp |
| 10:15 | Entangling Roots |
| 10:19 | Hunter's Hall |
| 10:21 | Wisp |
| 10:49 | Staff of Teleportation |
| 10:54 | Wisp |
| 10:56 | Wisp |
| 11:38 | Well Spring |
| 11:46 | Orb of Venom |
| 11:59 | Wisp |
| 11:59 | Wisp |
| 11:59 | Wisp |
| 12:10 | Ultravision |
| 12:20 | Wisp |
| 13:22 | Wisp |
| 13:23 | Wisp |
| 14:25 | Staff of Teleportation |
| 14:35 | Tree of Life |
| 14:38 | Wisp |
| 14:38 | Wisp |
| 14:38 | Wisp |
| 14:41 | Incinerate |
| 14:46 | Staff of Sanctuary |
| 14:58 | Wisp |
| 15:39 | Staff of Sanctuary |
| 15:47 | Wisp |
| 15:47 | Wisp |
| 15:47 | Wisp |
| 16:13 | Wisp |
| 16:13 | Wisp |
| 17:13 | Staff of Sanctuary |
| 18:04 | Moon Well |
| 18:05 | Moon Well |
| 18:27 | Wisp |
| 18:28 | Wisp |
| 18:28 | Wisp |
| 18:28 | Wisp |
| 18:28 | Wisp |
| 19:01 | Forked Lightning |
| 20:41 | Nature's Blessing |
| 24:14 | Thorns Aura |
| 24:19 | Soul Burn |
| 24:50 | Frost Arrows |
| Right click | 2016 |
| Select | 1020 |
| Select group | 780 |
| Resource trade | 132 |
| Chat | 126 |
| Assign group | 120 |
| Use ability | 91 |
| Build/train/purchase | 69 |
| Minimap ping | 14 |
| Item give/drop | 4 |
| Misc. action | 1 |



x1)
| Staff of Sanctuary | 3 | 750 |
| Boots of Speed | 3 | 750 |
| Staff of Teleportation | 3 | 450 |
| Potion of Invisibility | 1 | 100 |
| Tome of Retraining | 1 | 300 |
| Healing Salve | 3 | 300 |
| Orb of Lightning | 3 | 1125 |
| total: | 17 | 3775g |
| Peasant | 22 | 1650 | / | 0 |
| Priest | 2 | 270 | / | 20 |
| total: | 24 | 1920g | / | 20w |
| Scout Tower | 64 | 1920 | / | 1280 |
| Arcane Tower | 4 | 280 | / | 200 |
| Guard Tower | 37 | 2590 | / | 1850 |
| Altar of Kings | 1 | 180 | / | 50 |
| Lumber Mill | 1 | 120 | / | 0 |
| Farm | 3 | 240 | / | 60 |
| Arcane Vault | 3 | 390 | / | 90 |
| Town Hall | 3 | 1155 | / | 615 |
| Arcane Sanctum | 1 | 150 | / | 140 |
| Keep | 1 | 320 | / | 210 |
| Castle | 1 | 360 | / | 210 |
| total: | 76 | 4155g | / | 2235w |
| 0:04 | Peasant |
| 0:07 | Altar of Kings |
| 0:08 | Peasant |
| 0:12 | Peasant |
| 0:22 | Lumber Mill |
| 0:22 | Peasant |
| 0:31 | Peasant |
| 0:39 | Farm |
| 0:45 | Peasant |
| 0:59 | Peasant |
| 1:07 | Scout Tower |
| 1:09 | Farm |
| 1:17 | Peasant |
| 1:29 | Peasant |
| 1:33 | Arcane Tower |
| 1:38 | Scout Tower |
| 1:39 | Peasant |
| 1:49 | Peasant |
| 2:04 | Peasant |
| 2:06 | Guard Tower |
| 2:07 | Scout Tower |
| 2:13 | Summon Water Elemental |
| 2:36 | Peasant |
| 2:37 | Guard Tower |
| 3:04 | Peasant |
| 3:09 | Peasant |
| 3:28 | Scout Tower |
| 3:35 | Brilliance Aura |
| 3:50 | Keep |
| 3:52 | Scout Tower |
| 3:57 | Guard Tower |
| 3:59 | Scout Tower |
| 4:00 | Scout Tower |
| 4:05 | Boots of Speed |
| 4:41 | Arcane Tower |
| 4:46 | Guard Tower |
| 5:12 | Guard Tower |
| 5:15 | Arcane Vault |
| 5:21 | Farm |
| 6:22 | Summon Water Elemental |
| 6:30 | Town Hall |
| 6:37 | Scout Tower |
| 6:38 | Scout Tower |
| 6:38 | Scout Tower |
| 6:39 | Scout Tower |
| 6:39 | Scout Tower |
| 6:40 | Scout Tower |
| 6:42 | Scout Tower |
| 6:43 | Scout Tower |
| 7:07 | Arcane Tower |
| 7:07 | Guard Tower |
| 7:08 | Scout Tower |
| 7:09 | Scout Tower |
| 7:14 | Guard Tower |
| 7:54 | Castle |
| 7:54 | Improved Masonry |
| 7:54 | Improved Lumber Harvesting |
| 7:56 | Arcane Sanctum |
| 7:59 | Guard Tower |
| 8:00 | Scout Tower |
| 8:01 | Scout Tower |
| 8:30 | Guard Tower |
| 8:50 | Storm Bolt |
| 9:15 | Guard Tower |
| 9:16 | Scout Tower |
| 9:18 | Scout Tower |
| 9:19 | Magic Sentry |
| 9:42 | Boots of Speed |
| 9:42 | Staff of Teleportation |
| 10:00 | Scout Tower |
| 10:01 | Scout Tower |
| 10:40 | Guard Tower |
| 10:40 | Scout Tower |
| 11:22 | Healing Salve |
| 11:23 | Orb of Lightning |
| 11:31 | Town Hall |
| 11:33 | Scout Tower |
| 11:34 | Scout Tower |
| 11:34 | Scout Tower |
| 11:35 | Scout Tower |
| 11:35 | Scout Tower |
| 11:36 | Scout Tower |
| 11:36 | Scout Tower |
| 11:37 | Scout Tower |
| 11:40 | Guard Tower |
| 11:42 | Scout Tower |
| 11:42 | Scout Tower |
| 12:00 | Arcane Tower |
| 12:05 | Guard Tower |
| 12:19 | Guard Tower |
| 12:23 | Scout Tower |
| 12:23 | Scout Tower |
| 12:58 | Guard Tower |
| 13:11 | Staff of Teleportation |
| 13:23 | Guard Tower |
| 13:24 | Guard Tower |
| 13:26 | Guard Tower |
| 14:33 | Guard Tower |
| 14:34 | Peasant |
| 14:34 | Peasant |
| 14:35 | Peasant |
| 14:42 | Scout Tower |
| 14:43 | Scout Tower |
| 14:43 | Scout Tower |
| 14:46 | Scout Tower |
| 14:47 | Scout Tower |
| 14:48 | Scout Tower |
| 14:55 | Healing Salve |
| 15:01 | Orb of Lightning |
| 15:12 | Arcane Vault |
| 15:13 | Scout Tower |
| 15:14 | Arcane Vault |
| 15:15 | Scout Tower |
| 15:21 | Staff of Sanctuary |
| 15:27 | Advanced Masonry |
| 15:31 | Guard Tower |
| 15:48 | Holy Light |
| 15:57 | Guard Tower |
| 15:59 | Scout Tower |
| 16:04 | Guard Tower |
| 16:14 | Boots of Speed |
| 16:15 | Staff of Teleportation |
| 16:17 | Potion of Invisibility |
| 16:33 | Guard Tower |
| 16:34 | Scout Tower |
| 16:43 | Priest Adept Training |
| 16:43 | Priest |
| 16:49 | Scout Tower |
| 17:03 | Guard Tower |
| 17:05 | Scout Tower |
| 17:13 | Guard Tower |
| 17:15 | Scout Tower |
| 17:19 | Tome of Retraining |
| 17:19 | Retrain Hero |
| 17:22 | Blizzard |
| 17:22 | Brilliance Aura |
| 17:39 | Guard Tower |
| 17:40 | Scout Tower |
| 17:41 | Guard Tower |
| 17:42 | Scout Tower |
| 17:43 | Scout Tower |
| 18:04 | Guard Tower |
| 18:06 | Scout Tower |
| 18:06 | Scout Tower |
| 18:07 | Guard Tower |
| 18:57 | Guard Tower |
| 18:58 | Scout Tower |
| 18:59 | Scout Tower |
| 19:02 | Healing Salve |
| 19:10 | Orb of Lightning |
| 19:13 | Staff of Sanctuary |
| 19:16 | Guard Tower |
| 19:19 | Peasant |
| 19:19 | Peasant |
| 19:25 | Staff of Sanctuary |
| 20:39 | Guard Tower |
| 20:40 | Scout Tower |
| 20:41 | Scout Tower |
| 21:40 | Brilliance Aura |
| 21:45 | Bash |
| 22:52 | Divine Shield |
| 23:20 | Guard Tower |
| 24:46 | Town Hall |
| 24:51 | Scout Tower |
| 24:52 | Scout Tower |
| 24:53 | Scout Tower |
| 24:53 | Scout Tower |
| 24:54 | Scout Tower |
| 25:22 | Guard Tower |
| 25:48 | Guard Tower |
| 26:11 | Storm Bolt |
| 26:26 | Guard Tower |
| 26:27 | Scout Tower |
| 27:05 | Holy Light |
| 27:21 | Guard Tower |
| 27:22 | Peasant |
| 27:22 | Peasant |
| 28:05 | Blizzard |
| 29:42 | Priest |
| Right click | 2105 |
| Select group | 1350 |
| Select | 446 |
| Chat | 427 |
| Assign group | 394 |
| Build/train/purchase | 161 |
| Use ability | 111 |
| Misc. action | 27 |
| Minimap ping | 3 |
| Item give/drop | 2 |
| Remove unit | 1 |


| Healing Salve | 5 | 500 |
| Orb of Lightning | 2 | 750 |
| Lesser Clarity Potion | 1 | 70 |
| Boots of Speed | 2 | 500 |
| Staff of Teleportation | 3 | 450 |
| total: | 13 | 2270g |
| Peon | 12 | 900 | / | 0 |
| Troll Batrider | 23 | 3680 | / | 920 |
| total: | 35 | 4580g | / | 920w |
| Watch Tower | 12 | 1320 | / | 960 |
| Altar of Storms | 1 | 180 | / | 50 |
| Orc Burrow | 4 | 640 | / | 160 |
| War Mill | 1 | 205 | / | 0 |
| Voodoo Lounge | 3 | 390 | / | 90 |
| Great Hall | 1 | 385 | / | 185 |
| Beastiary | 4 | 580 | / | 560 |
| Stronghold | 1 | 315 | / | 190 |
| Fortress | 1 | 325 | / | 190 |
| total: | 26 | 3700g | / | 2005w |
| 0:02 | Peon |
| 0:02 | Peon |
| 0:04 | Altar of Storms |
| 0:18 | Orc Burrow |
| 0:21 | Peon |
| 0:40 | Peon |
| 0:48 | War Mill |
| 0:56 | Peon |
| 1:09 | Voodoo Lounge |
| 1:16 | Peon |
| 1:23 | Peon |
| 1:40 | Orc Burrow |
| 1:45 | Peon |
| 1:56 | Peon |
| 2:04 | Watch Tower |
| 2:08 | Wind Walk |
| 2:14 | Healing Salve |
| 2:20 | Peon |
| 2:34 | Watch Tower |
| 2:42 | Peon |
| 2:51 | Peon |
| 3:05 | Watch Tower |
| 3:27 | Stronghold |
| 3:45 | Boots of Speed |
| 3:51 | Staff of Teleportation |
| 3:51 | Staff of Teleportation |
| 4:14 | Watch Tower |
| 4:24 | Watch Tower |
| 4:49 | Orc Burrow |
| 5:01 | Watch Tower |
| 5:33 | Watch Tower |
| 5:35 | Watch Tower |
| 5:50 | Healing Salve |
| 6:27 | Beastiary |
| 6:41 | Beastiary |
| 6:48 | Watch Tower |
| 7:08 | Hex |
| 7:35 | Boots of Speed |
| 7:36 | Staff of Teleportation |
| 8:04 | Watch Tower |
| 8:05 | Fortress |
| 8:16 | Reinforced Defenses |
| 8:20 | Critical Strike |
| 8:25 | Troll Batrider |
| 8:37 | Troll Batrider |
| 8:56 | Voodoo Lounge |
| 9:04 | Troll Batrider |
| 9:23 | Watch Tower |
| 9:38 | Troll Batrider |
| 10:14 | Troll Batrider |
| 10:40 | Orb of Lightning |
| 10:56 | Liquid Fire |
| 11:40 | Troll Batrider |
| 11:53 | Troll Batrider |
| 11:58 | Steel Ranged Weapons |
| 12:16 | Watch Tower |
| 12:20 | Voodoo Lounge |
| 12:23 | Troll Batrider |
| 12:25 | Beastiary |
| 13:26 | Orc Burrow |
| 14:34 | Troll Batrider |
| 14:47 | Healing Salve |
| 14:51 | Lesser Clarity Potion |
| 15:02 | Thorium Ranged Weapons |
| 15:02 | Spiked Barricades |
| 16:34 | Healing Wave |
| 16:36 | Troll Batrider |
| 16:46 | Troll Batrider |
| 16:48 | Beastiary |
| 17:15 | Wind Walk |
| 17:36 | Troll Batrider |
| 17:50 | Troll Batrider |
| 17:57 | Orb of Lightning |
| 17:58 | Healing Salve |
| 19:48 | Troll Batrider |
| 20:24 | Troll Batrider |
| 20:46 | Troll Batrider |
| 21:48 | Arcanite Ranged Weapons |
| 21:58 | Healing Salve |
| 24:26 | Troll Batrider |
| 24:44 | Troll Batrider |
| 25:10 | Healing Wave |
| 25:30 | Troll Batrider |
| 26:12 | Critical Strike |
| 27:25 | Troll Batrider |
| 29:05 | Troll Batrider |
| 29:39 | Troll Batrider |
| 29:44 | Great Hall |
| 29:49 | Troll Batrider |
| 29:56 | Hex |
| 30:20 | Critical Strike |
| Right click | 2314 |
| Select group | 688 |
| Select | 519 |
| Chat | 187 |
| Misc. action | 166 |
| Use ability | 123 |
| Build/train/purchase | 105 |
| Assign group | 28 |
| Item give/drop | 4 |
| Minimap ping | 4 |
| Esc | 1 |



| Staff of Sanctuary | 3 | 750 |
| Boots of Speed | 3 | 750 |
| Staff of Teleportation | 3 | 450 |
| Periapt of Vitality | 1 | 325 |
| Circlet of Nobility | 1 | 175 |
| Healing Salve | 1 | 100 |
| Orb of Lightning | 1 | 375 |
| Orb of Venom | 1 | 325 |
| total: | 14 | 3250g |
| Peasant | 19 | 1425 | / | 0 |
| Priest | 1 | 135 | / | 10 |
| total: | 20 | 1560g | / | 10w |
| Scout Tower | 114 | 3420 | / | 2280 |
| Arcane Tower | 13 | 910 | / | 650 |
| Guard Tower | 99 | 6930 | / | 4950 |
| Altar of Kings | 1 | 180 | / | 50 |
| Farm | 3 | 240 | / | 60 |
| Lumber Mill | 1 | 120 | / | 0 |
| Town Hall | 2 | 770 | / | 410 |
| Arcane Vault | 2 | 260 | / | 60 |
| Arcane Sanctum | 1 | 150 | / | 140 |
| Keep | 2 | 640 | / | 420 |
| Castle | 2 | 720 | / | 420 |
| total: | 124 | 5140g | / | 3000w |
| 0:01 | Peasant |
| 0:01 | Peasant |
| 0:06 | Altar of Kings |
| 0:15 | Peasant |
| 0:17 | Farm |
| 0:29 | Scout Tower |
| 0:32 | Farm |
| 0:35 | Peasant |
| 0:38 | Peasant |
| 0:45 | Lumber Mill |
| 0:50 | Scout Tower |
| 0:54 | Peasant |
| 1:16 | Scout Tower |
| 1:18 | Scout Tower |
| 1:21 | Peasant |
| 1:21 | Peasant |
| 1:21 | Peasant |
| 1:23 | Peasant |
| 1:48 | Peasant |
| 1:48 | Peasant |
| 1:51 | Arcane Tower |
| 1:51 | Peasant |
| 1:58 | Arcane Tower |
| 2:08 | Guard Tower |
| 2:09 | Guard Tower |
| 2:11 | Scout Tower |
| 2:17 | Scout Tower |
| 2:22 | Blizzard |
| 2:31 | Scout Tower |
| 2:32 | Scout Tower |
| 2:35 | Peasant |
| 2:41 | Guard Tower |
| 2:49 | Scout Tower |
| 2:57 | Guard Tower |
| 2:58 | Scout Tower |
| 2:59 | Scout Tower |
| 3:00 | Peasant |
| 3:02 | Scout Tower |
| 3:03 | Scout Tower |
| 3:07 | Guard Tower |
| 3:07 | Guard Tower |
| 3:09 | Scout Tower |
| 3:09 | Scout Tower |
| 3:11 | Scout Tower |
| 3:12 | Scout Tower |
| 3:21 | Scout Tower |
| 3:22 | Scout Tower |
| 3:24 | Scout Tower |
| 3:24 | Scout Tower |
| 3:25 | Guard Tower |
| 3:43 | Keep |
| 3:56 | Guard Tower |
| 4:20 | Brilliance Aura |
| 4:36 | Town Hall |
| 4:43 | Scout Tower |
| 4:44 | Scout Tower |
| 4:44 | Scout Tower |
| 4:45 | Scout Tower |
| 4:46 | Scout Tower |
| 4:46 | Scout Tower |
| 4:47 | Scout Tower |
| 4:48 | Scout Tower |
| 4:48 | Scout Tower |
| 4:49 | Scout Tower |
| 4:50 | Scout Tower |
| 4:50 | Scout Tower |
| 5:07 | Guard Tower |
| 5:10 | Guard Tower |
| 5:23 | Arcane Tower |
| 5:45 | Guard Tower |
| 5:47 | Guard Tower |
| 6:20 | Farm |
| 6:24 | Scout Tower |
| 6:25 | Scout Tower |
| 6:26 | Scout Tower |
| 6:26 | Scout Tower |
| 6:35 | Improved Lumber Harvesting |
| 6:35 | Advanced Lumber Harvesting |
| 6:47 | Boots of Speed |
| 6:47 | Staff of Teleportation |
| 6:54 | Guard Tower |
| 7:00 | Peasant |
| 7:06 | Scout Tower |
| 7:08 | Healing Salve |
| 7:24 | Guard Tower |
| 7:24 | Guard Tower |
| 7:25 | Guard Tower |
| 7:40 | Guard Tower |
| 7:40 | Guard Tower |
| 7:45 | Guard Tower |
| 7:45 | Guard Tower |
| 7:50 | Storm Bolt |
| 7:59 | Blizzard |
| 8:09 | Boots of Speed |
| 8:14 | Guard Tower |
| 8:15 | Scout Tower |
| 8:17 | Guard Tower |
| 8:21 | Scout Tower |
| 8:23 | Scout Tower |
| 8:23 | Scout Tower |
| 8:23 | Scout Tower |
| 8:28 | Guard Tower |
| 8:38 | Castle |
| 8:43 | Arcane Tower |
| 8:46 | Arcane Tower |
| 8:54 | Arcane Tower |
| 9:03 | Scout Tower |
| 9:04 | Scout Tower |
| 9:05 | Scout Tower |
| 9:05 | Scout Tower |
| 9:09 | Arcane Tower |
| 9:15 | Arcane Vault |
| 9:17 | Arcane Vault |
| 9:20 | Guard Tower |
| 9:37 | Staff of Teleportation |
| 9:44 | Scout Tower |
| 9:45 | Scout Tower |
| 9:46 | Scout Tower |
| 9:46 | Scout Tower |
| 9:47 | Scout Tower |
| 9:48 | Scout Tower |
| 9:48 | Scout Tower |
| 10:33 | Guard Tower |
| 10:34 | Guard Tower |
| 10:39 | Guard Tower |
| 10:39 | Guard Tower |
| 10:43 | Scout Tower |
| 10:43 | Scout Tower |
| 10:44 | Scout Tower |
| 10:45 | Scout Tower |
| 10:46 | Scout Tower |
| 10:46 | Scout Tower |
| 10:46 | Scout Tower |
| 10:47 | Scout Tower |
| 10:54 | Improved Masonry |
| 11:04 | Staff of Sanctuary |
| 11:37 | Guard Tower |
| 11:37 | Arcane Tower |
| 11:37 | Arcane Tower |
| 11:41 | Arcane Sanctum |
| 11:49 | Scout Tower |
| 11:50 | Scout Tower |
| 11:51 | Scout Tower |
| 11:51 | Scout Tower |
| 12:03 | Holy Light |
| 12:16 | Guard Tower |
| 12:19 | Guard Tower |
| 12:47 | Guard Tower |
| 12:49 | Scout Tower |
| 12:50 | Scout Tower |
| 12:50 | Scout Tower |
| 12:50 | Scout Tower |
| 12:51 | Scout Tower |
| 12:51 | Scout Tower |
| 12:51 | Scout Tower |
| 12:51 | Scout Tower |
| 12:52 | Scout Tower |
| 12:52 | Scout Tower |
| 12:52 | Scout Tower |
| 13:05 | Scout Tower |
| 13:06 | Scout Tower |
| 13:06 | Scout Tower |
| 13:07 | Scout Tower |
| 13:07 | Scout Tower |
| 13:08 | Scout Tower |
| 13:23 | Guard Tower |
| 13:23 | Guard Tower |
| 13:24 | Scout Tower |
| 13:25 | Scout Tower |
| 13:25 | Scout Tower |
| 13:25 | Scout Tower |
| 13:26 | Scout Tower |
| 13:26 | Scout Tower |
| 13:27 | Scout Tower |
| 13:27 | Scout Tower |
| 13:38 | Staff of Sanctuary |
| 13:57 | Guard Tower |
| 14:22 | Guard Tower |
| 14:23 | Guard Tower |
| 14:23 | Guard Tower |
| 14:26 | Peasant |
| 14:26 | Peasant |
| 14:27 | Peasant |
| 14:36 | Boots of Speed |
| 14:36 | Periapt of Vitality |
| 14:36 | Circlet of Nobility |
| 14:40 | Guard Tower |
| 14:41 | Scout Tower |
| 14:42 | Scout Tower |
| 14:42 | Scout Tower |
| 14:44 | Advanced Masonry |
| 14:46 | Magic Sentry |
| 14:46 | Priest |
| 14:50 | Guard Tower |
| 15:17 | Orb of Lightning |
| 15:21 | Guard Tower |
| 15:37 | Orb of Venom |
| 15:42 | Guard Tower |
| 15:42 | Guard Tower |
| 15:43 | Guard Tower |
| 15:49 | Arcane Tower |
| 15:50 | Guard Tower |
| 15:56 | Guard Tower |
| 15:57 | Scout Tower |
| 15:58 | Scout Tower |
| 15:58 | Scout Tower |
| 16:47 | Guard Tower |
| 16:58 | Scout Tower |
| 16:59 | Scout Tower |
| 16:59 | Scout Tower |
| 17:00 | Scout Tower |
| 17:00 | Scout Tower |
| 17:02 | Guard Tower |
| 17:21 | Guard Tower |
| 17:26 | Staff of Teleportation |
| 17:36 | Guard Tower |
| 17:42 | Staff of Sanctuary |
| 18:06 | Imbued Masonry |
| 18:08 | Guard Tower |
| 18:18 | Guard Tower |
| 18:24 | Scout Tower |
| 18:24 | Guard Tower |
| 18:46 | Bash |
| 20:41 | Guard Tower |
| 20:45 | Scout Tower |
| 20:45 | Scout Tower |
| 20:45 | Scout Tower |
| 20:46 | Scout Tower |
| 20:47 | Guard Tower |
| 21:38 | Divine Shield |
| 22:58 | Guard Tower |
| 22:59 | Guard Tower |
| 23:34 | Scout Tower |
| 23:35 | Scout Tower |
| 23:35 | Scout Tower |
| 23:36 | Scout Tower |
| 23:37 | Scout Tower |
| 23:37 | Scout Tower |
| 23:37 | Scout Tower |
| 24:36 | Brilliance Aura |
| 25:13 | Storm Bolt |
| 25:28 | Guard Tower |
| 25:43 | Guard Tower |
| 27:28 | Guard Tower |
| 27:31 | Town Hall |
| 27:38 | Holy Light |
| Right click | 2615 |
| Select | 708 |
| Select group | 594 |
| Chat | 419 |
| Build/train/purchase | 207 |
| Use ability | 106 |
| Minimap ping | 12 |
| Assign group | 10 |
| Misc. action | 8 |
| Item give/drop | 3 |
⇛